 Dungeon Crawl Stone Soup version 0.31.0-9-g3a7656b989 (webtiles) character file.

Game seed: 8362197914264866338

14463 qw the Markself (level 11, -6/68 HPs)
             Began as a Deep Elf Hunter on Feb 2, 2024.
             Was a High Priest of Okawaru.
             Mangled by an elephant (9 damage)
             ... on level 3 of the Lair of Beasts.
             The game lasted 00:01:03 (9619 turns).

qw the Markself (Deep Elf Hunter)                   Turns: 9619, Time: 00:01:04

Health: -6/68      AC: 11    Str: 12    XL:     11   Next: 89%
Magic:  15/19      EV: 16    Int: 18    God:    Okawaru [*****.]
Gold:   686        SH:  5    Dex: 18    Spells: 10/10 levels left

rFire   x x .        b - +5 orcbow (freeze)
rCold   + + .        (shield currently unavailable)
rNeg    . . .        g - +0 ring mail
rPois   .            c - +1 hat {Int+3}
rElec   +            l - +0 cloak
rCorr   .            (no gloves)
SInv    .            i - +2 pair of boots
Will    +....        j - amulet of reflection
Stlth   +            a - ring "Movogg" {Ice rElec}
HPRegen 0.31/turn    k - ring of ice
MPRegen 0.16/turn

%: reflection
@: about to teleport, finesse-ful
A: no striking features
a: Renounce Religion, Heroism, Finesse, Duel


You were on level 3 of the Lair of Beasts.
You worshipped Okawaru.
Okawaru was extremely pleased with you.
You visited 3 branches of the dungeon, and saw 12 of its levels.

You collected 686 gold pieces.


   Skills:
 - Level 8.0 Fighting
 - Level 16.0 Ranged Weapons
 - Level 3.5 Armour
 + Level 10.3 Dodging
 - Level 1.2 Stealth
 + Level 8.6 Invocations


You had 10 spell levels left.
You didn't know any spells.
Your spell library was empty.

Inventory:

Hand Weapons
 b - a +5 orcbow of freezing (weapon)
Armour
 c - a +1 hat of intelligence (worn)
 g - a +0 ring mail (worn)
 i - a +2 pair of boots (worn)
 l - a +0 cloak (worn)
Jewellery
 a - the ring "Movogg" (left hand) {Ice rElec}
   (You found it on level 2 of the Dungeon)

   [ring of ice]

   Ice:       It enhances your ice magic.
   rF-:       It makes you vulnerable to fire.
   rC+:       It protects you from cold.
   rElec:     It insulates you from electricity.
 j - an amulet of reflection (around neck)
 k - a ring of ice (right hand)
Wands
 e - a wand of paralysis (16)
 m - a wand of iceblast (15)
 o - a wand of mindburst (5)
Scrolls
 f - a scroll of teleportation
 h - a scroll of amnesia {unknown}
Potions
 d - a potion of mutation
 n - 2 potions of curing

Dungeon Overview and Level Annotations

Branches:
Dungeon (8/15)             Temple (1/1) D:7            Lair (3/5) D:8
  Swamp (0/4) Lair:2
  Snake: Lair:2-3    Spider: Lair:2-3

Altars:
Ashenzari
Cheibriados
Dithmenos
Elyvilon
Fedhas
Gozag
Hepliaklqana
Makhleb
Nemelex Xobeh
Okawaru
Qazlal
Ru
Sif Muna
Trog
Uskayaw
Vehumet
Wu Jian
Xom
Zin
The Shining One


Message History

The elephant is severely wounded.
The blink frog blinks!
The elephant tramples you!
You stumble backwards!
Enter note:
Enter note:
9610 ||| RETREEEEATING.
The blink frog hits you!
9611 ||| READING 2 scrolls of teleportation.
As you read the scroll of teleportation, it crumbles to dust.
You feel strangely unstable. The blink frog barely misses you.
The blink frog blinks!
You block the blink frog's attack.
The blink frog blinks!
You shoot an arrow. The arrow hits the elephant!!
The arrow freezes the elephant.
You kill the elephant!
Okawaru accepts your kill. You block the blink frog's attack.
You shoot an arrow. The arrow misses the blink frog.
You shoot an arrow. The arrow barely misses the blink frog.
The blink frog hits you! The elephant tramples you.
You stumble backwards!
You shoot an arrow.
The arrow hits the elephant but does no damage.
You shoot an arrow. The arrow hits the blink frog!!
The arrow freezes the blink frog.
You kill the blink frog!
Okawaru accepts your kill.
The blink frog blinks!
You shoot an arrow. The arrow hits the elephant.
The arrow freezes the elephant.
The elephant is lightly wounded.
The elephant tramples you but does no damage.
The elephant barely misses you.
You shoot an arrow.
The arrow hits the elephant but does no damage.
The elephant is lightly wounded.
The blink frog blinks!
You shoot an arrow. The arrow hits the elephant!
The arrow freezes the elephant.
The elephant is moderately wounded.
The elephant closely misses you.
The elephant trunk-slaps you but does no damage.
The elephant tramples you!
You die...

...................#
...................
........P#........#
.......####.......##
......#####........#
......##..#...ยค....#
...................#
..............##...#
...##..##.#..#..@.#
.####...###..##PYY#
## ##..###...###F.#
.###....##...###..#
...........Y.P#...#
.............##...#
.........Y...###..#
.............##%..#
.............Y..[.#


You could see 2 elephants and a blink frog.

Vanquished Creatures
  Gastronok (Lair:2)
  4 death yaks (Lair:3)
  Sonja (Lair:1)
  A black mamba (Lair:1)
  2 cane toads (Lair:1)
  An elephant (Lair:3)
  2 rime drakes (Lair:1)
  4 komodo dragons
  A polar bear (Lair:2)
  Grinder (D:3)
  2 blink frogs (Lair:3)
  2 wyverns
  14 yaks
  Eustachio (D:5)
  3 steam dragons
  7 water moccasins
  4 ice beasts
  A black bear (D:7)
  A sky beast (D:6)
  3 ogres
  9 wolves (Lair:2)
  2 centaurs
  2 phantoms
  A kobold brigand (D:8)
  2 bullfrogs
  2 scorpions (D:6)
  10 wights
  3 howler monkeys
  4 electric eels (Lair:2)
  2 hounds
  A jelly (D:6)
  4 orc priests
  Terence (D:3)
  3 sleepcaps
  2 iguanas
  7 orc wizards
  5 adders
  2 white imps
  5 dart slugs
  A ribbon worm (D:4)
  21 orcs
  6 endoplasms
  2 giant cockroaches (D:4)
  4 goblins
  2 hobgoblins
  4 jackals (D:3)
  9 kobolds
  4 quokkas
  7 ball pythons
  5 bats
  4 frilled lizards
  21 rats
213 creatures vanquished.

Vanquished Creatures (others)
  An orc wizard (D:3)
1 creature vanquished.

Grand Total: 214 creatures vanquished

Notes
Turn   | Place    | Note
-------+----------+-------------------------------------------
     0 | D:1      | qw the Deep Elf Hunter began the quest for the Orb.
     0 | D:1      | Reached XP level 1. HP: 12/12 MP: 3/3
     0 | D:1      | 0 ||| qw: Version: 0.3-a-155-g5e7d8dd
     0 | D:1      | 0 ||| qw: Game counter: 1769
     0 | D:1      | 0 ||| qw: Melee chars always use a shield: true
     0 | D:1      | 0 ||| qw: God list: Okawaru
     0 | D:1      | 0 ||| qw: Allow faded altars: false
     0 | D:1      | 0 ||| qw: Do Orc after clearing Dungeon:15 true
     0 | D:1      | 0 ||| qw: Do second Lair branch before Depths: true
     0 | D:1      | 0 ||| qw: Lair rune preference: random
     0 | D:1      | 0 ||| qw: Goals: Normal
     0 | D:1      | 0 ||| PLANNING D:1-11
   199 | D:1      | You fall into a shaft and drop 1 floor!
   211 | D:2      | 211 ||| UPGRADING to +0 ring mail.
   221 | D:2      | 221 ||| DROPPING +0 leather armour.
   222 | D:2      | 222 ||| READING scroll labelled KULIME APNECZOY.
   222 | D:2      | Identified a scroll of acquirement
   222 | D:2      | 222 ||| ACQUIRING +4 orcbow of flaming
   222 | D:2      | Acquired a +4 orcbow of flaming
   223 | D:2      | 223 ||| READING scroll labelled QIRUD ITSYQETH.
   223 | D:2      | 223 ||| IDENTIFYING 2 scrolls labelled LIPSIA EVUULER
   224 | D:2      | 224 ||| DROPPING scroll of butterflies.
   295 | D:1      | Reached skill level 6 in Ranged Weapons
   295 | D:1      | Reached XP level 2. HP: 16/16 MP: 4/4
   468 | D:1      | 468 ||| READING scroll labelled AXUPPA DESINIB.
   504 | D:2      | 504 ||| SWAPPING to +4 orcbow of flaming.
   505 | D:2      | 505 ||| DROPPING +0 shortbow.
   531 | D:2      | Identified the ring "Movogg" {Ice rElec}
   714 | D:2      | Found a faded altar of an unknown god.
   893 | D:2      | Reached XP level 3. HP: 13/20 MP: 5/5
  1250 | D:2      | Reached skill level 7 in Ranged Weapons
  1302 | D:2      | 1302 ||| UPGRADING to +0 pair of boots.
  1307 | D:2      | 1307 ||| UPGRADING to ring "Movogg" {Ice rElec}.
  1308 | D:2      | 1308 ||| READING scroll of identify.
  1308 | D:2      | 1308 ||| IDENTIFYING murky green potion
  1309 | D:2      | 1309 ||| READING scroll labelled WUT WIAHI CYPT.
  1310 | D:2      | 1310 ||| READING 2 scrolls labelled XAIFRU LOCLIUGG.
  1311 | D:2      | 1311 ||| READING scroll labelled QETOFIMUFI.
  1312 | D:2      | 1312 ||| DROPPING potion of degeneration.
  1313 | D:2      | 1313 ||| DROPPING scroll of revelation.
  1423 | D:3      | Noticed Grinder
  1429 | D:3      | HP: 3/20 [Grinder/nerve-wracking pain (10)]
  1430 | D:3      | 1430 ||| READING 3 scrolls of teleportation.
  1431 | D:3      | Killed Grinder
  1432 | D:3      | Reached skill level 9 in Ranged Weapons
  1432 | D:3      | Reached XP level 4. HP: 4/25 MP: 6/6
  1432 | D:3      | Reached XP level 5. HP: 5/29 MP: 7/7
  1586 | D:3      | Noticed Terence
  1591 | D:3      | Killed Terence
  1592 | D:3      | Reached XP level 6. HP: 35/35 MP: 8/8
  1629 | D:3      | 1629 ||| FLEEEEING.
  1630 | D:3      | 1630 ||| FLEEEEING.
  2325 | D:3      | 2325 ||| UPGRADING to ring of ice.
  2326 | D:3      | 2326 ||| READING scroll of identify.
  2326 | D:3      | 2326 ||| IDENTIFYING fizzy emerald potion
  2327 | D:3      | 2327 ||| READING scroll labelled LUECSETEASCHOLL.
  2428 | D:3      | 2428 ||| READING 2 scrolls labelled BYPOW ZIMO.
  2429 | D:3      | 2429 ||| DROPPING scroll of noise.
  2536 | D:4      | Reached skill level 10 in Ranged Weapons
  2637 | D:4      | Noticed an ice beast
  2645 | D:4      | Reached skill level 3 in Dodging
  2648 | D:4      | Killed an ice beast
  2649 | D:4      | Reached skill level 1 in Armour
  2649 | D:4      | Reached XP level 7. HP: 36/40 MP: 9/9
  2842 | D:4      | Reached skill level 11 in Ranged Weapons
  3174 | D:4      | 3174 ||| READING scroll of identify.
  3174 | D:4      | 3174 ||| IDENTIFYING fuming yellow potion
  3175 | D:4      | 3175 ||| READING scroll labelled ESMOIPL POKESK.
  3175 | D:4      | 3175 ||| ENCHANTING +0 pair of boots.
  3176 | D:4      | 3176 ||| DROPPING potion of brilliance.
  3209 | D:5      | Entered Level 5 of the Dungeon
  3209 | D:5      | Noticed Eustachio
  3217 | D:5      | 3217 ||| STAIRDANCE
  3288 | D:5      | 3288 ||| RETREEEEATING.
  3289 | D:5      | 3289 ||| RETREEEEATING.
  3290 | D:5      | 3290 ||| RETREEEEATING.
  3291 | D:5      | 3291 ||| RETREEEEATING.
  3292 | D:5      | 3292 ||| RETREEEEATING.
  3293 | D:5      | 3293 ||| RETREEEEATING.
  3294 | D:5      | 3294 ||| RETREEEEATING.
  3307 | D:5      | Killed Eustachio
  3308 | D:5      | Reached skill level 12 in Ranged Weapons
  3407 | D:5      | 3407 ||| READING scroll of enchant armour.
  3407 | D:5      | 3407 ||| ENCHANTING +1 pair of boots.
  3450 | D:5      | Reached XP level 8. HP: 45/45 MP: 10/10
  3507 | D:5      | Reached skill level 3 in Fighting
  3667 | D:5      | Found a stormy altar of Qazlal.
  3771 | D:5      | 3771 ||| READING scroll of identify.
  3771 | D:5      | 3771 ||| IDENTIFYING fuming sapphire potion
  3826 | D:6      | Reached skill level 13 in Ranged Weapons
  4151 | D:6      | Reached skill level 14 in Ranged Weapons
  4284 | D:6      | Reached XP level 9. HP: 50/50 MP: 11/11
  4572 | D:6      | Found a shimmering altar of Xom.
  4590 | D:6      | 4590 ||| READING scroll labelled TYONIU PANI.
  4590 | D:6      | 4590 ||| BRANDING +4 orcbow of flaming.
  4591 | D:6      | 4591 ||| READING scroll labelled POPPEE SAYSATA.
  4592 | D:6      | 4592 ||| READING scroll labelled WINAL MATU.
  4715 | D:6      | 4715 ||| READING scroll of identify.
  4715 | D:6      | 4715 ||| IDENTIFYING brown potion
  4716 | D:6      | 4716 ||| DROPPING potion of attraction.
  4793 | D:7      | Reached skill level 15 in Ranged Weapons
  4822 | D:7      | Found a staircase to the Ecumenical Temple.
  4823 | D:7      | 4823 ||| PLANNING TEMPLE
  4832 | Temple   | Entered the Ecumenical Temple
  4833 | Temple   | 4833 ||| PLANNING OKAWARU WORSHIP
  4851 | Temple   | Became a worshipper of Warmaster Okawaru
  4852 | Temple   | 4852 ||| PLANNING D:1-11
  4919 | D:7      | 4919 ||| READING scroll of brand weapon.
  4919 | D:7      | 4919 ||| BRANDING +4 orcbow of draining.
  5136 | D:7      | 5136 ||| Stepping ~*~*~tactically~*~*~ (cloud).
  5138 | D:7      | 5138 ||| FLEEEEING.
  5139 | D:7      | 5139 ||| FLEEEEING.
  5140 | D:7      | 5140 ||| FLEEEEING.
  5178 | D:7      | 5178 ||| FLEEEEING.
  5180 | D:7      | 5180 ||| FLEEEEING.
  5181 | D:7      | 5181 ||| FLEEEEING.
  5184 | D:7      | 5184 ||| FLEEEEING.
  5185 | D:7      | 5185 ||| FLEEEEING.
  5186 | D:7      | 5186 ||| FLEEEEING.
  5187 | D:7      | 5187 ||| FLEEEEING.
  5188 | D:7      | 5188 ||| FLEEEEING.
  5189 | D:7      | 5189 ||| FLEEEEING.
  5190 | D:7      | 5190 ||| FLEEEEING.
  5201 | D:7      | 5201 ||| FLEEEEING.
  5202 | D:7      | 5202 ||| FLEEEEING.
  5203 | D:7      | 5203 ||| FLEEEEING.
  5204 | D:7      | 5204 ||| FLEEEEING.
  5206 | D:7      | 5206 ||| FLEEEEING.
  5211 | D:7      | 5211 ||| FLEEEEING.
  5214 | D:7      | 5214 ||| FLEEEEING.
  5215 | D:7      | 5215 ||| FLEEEEING.
  5216 | D:7      | 5216 ||| FLEEEEING.
  5678 | D:7      | 5678 ||| UPGRADING to +0 cloak.
  5683 | D:7      | 5683 ||| READING 2 scrolls of identify.
  5683 | D:7      | 5683 ||| IDENTIFYING amethyst potion
  5767 | D:8      | 5767 ||| STAIRDANCE
  5801 | D:8      | 5801 ||| STAIRDANCE
  5846 | D:8      | 5846 ||| STAIRDANCE
  5924 | D:8      | 5924 ||| STAIRDANCE
  5991 | D:8      | 5991 ||| STAIRDANCE
  6130 | D:8      | Reached * piety under Okawaru
  6199 | D:8      | Reached skill level 16 in Ranged Weapons
  6199 | D:8      | Reached skill level 1 in Invocations
  6287 | D:8      | 6287 ||| DRINKING potion of curing.
  6287 | D:8      | 6287 ||| (to cure confusion)
  6508 | D:8      | Found a staircase to the Lair.
  6590 | D:8      | 6590 ||| PLANNING LAIR
  6590 | D:8      | 6590 ||| READING 2 scrolls of identify.
  6590 | D:8      | 6590 ||| IDENTIFYING bubbling inky potion
  6591 | D:8      | 6591 ||| DROPPING potion of invisibility.
  6610 | Lair:1   | Entered Level 1 of the Lair of Beasts
  6665 | Lair:1   | Reached skill level 3 in Invocations
  6732 | Lair:1   | Noticed a rime drake
  6733 | Lair:1   | 6733 ||| ZAPPING wand of paralysis (20) at 5,-3 (rime
                  | drake; floor).
  6734 | Lair:1   | 6734 ||| ZAPPING wand of iceblast (19) at 4,-3 (rime drake;
                  | floor).
  6734 | Lair:1   | Noticed a cane toad
  6735 | Lair:1   | 6735 ||| ZAPPING wand of iceblast (18) at 2,-2 (floor).
  6736 | Lair:1   | 6736 ||| RETREEEEATING.
  6745 | Lair:1   | Killed a rime drake
  6745 | Lair:1   | Reached ** piety under Okawaru
  6746 | Lair:1   | Reached skill level 6 in Dodging
  6746 | Lair:1   | Reached XP level 10. HP: 34/56 MP: 14/14
  6746 | Lair:1   | 6746 ||| INVOKING Heroism.
  6747 | Lair:1   | 6747 ||| ZAPPING wand of paralysis (19) at -1,-1 (cane
                  | toad; floor).
  6750 | Lair:1   | Killed a cane toad
  6937 | Lair:1   | Noticed Sonja
  6938 | Lair:1   | 6938 ||| ZAPPING wand of mindburst (6) at 3,-2 (Sonja;
                  | floor).
  6939 | Lair:1   | 6939 ||| ZAPPING wand of iceblast (17) at 3,-2 (Sonja;
                  | floor).
  6940 | Lair:1   | 6940 ||| ZAPPING wand of iceblast (16) at 4,-3 (Sonja;
                  | floor).
  6940 | Lair:1   | Killed Sonja
  7067 | Lair:1   | 7067 ||| RETREEEEATING.
  7069 | Lair:1   | Reached *** piety under Okawaru
  7103 | Lair:1   | 7103 ||| FLEEEEING.
  7113 | Lair:1   | 7113 ||| FLEEEEING.
  7114 | Lair:1   | 7114 ||| FLEEEEING.
  7115 | Lair:1   | 7115 ||| FLEEEEING.
  7126 | Lair:1   | Reached skill level 6 in Fighting
  7485 | Lair:1   | Noticed a cane toad
  7486 | Lair:1   | 7486 ||| ZAPPING wand of paralysis (18) at 4,-4 (cane toad;
                  | floor).
  7491 | Lair:1   | Killed a cane toad
  7551 | Lair:1   | Noticed a black mamba
  7552 | Lair:1   | 7552 ||| ZAPPING wand of paralysis (17) at 1,3 (black
                  | mamba; floor).
  7558 | Lair:1   | Killed a black mamba
  7559 | Lair:1   | Reached skill level 3 in Armour
  7728 | Lair:1   | 7728 ||| UPGRADING to amulet of reflection.
  7733 | Lair:1   | 7733 ||| READING 2 scrolls of identify.
  7733 | Lair:1   | 7733 ||| IDENTIFYING scroll labelled CIXEOHICLI
  7734 | Lair:1   | 7734 ||| DROPPING scroll of poison.
  7760 | Lair:2   | Noticed Gastronok
  7761 | Lair:2   | 7761 ||| INVOKING Heroism.
  7776 | Lair:2   | 7776 ||| STAIRDANCE
  7910 | Lair:2   | 7910 ||| INVOKING Heroism.
  7920 | Lair:2   | HP: 13/60 [Gastronok/the air (28)]
  7921 | Lair:2   | 7921 ||| READING 3 scrolls of teleportation.
  7922 | Lair:2   | 7922 ||| DRINKING potion of heal wounds.
  7925 | Lair:2   | Killed Gastronok
  7925 | Lair:2   | Reached **** piety under Okawaru
  7926 | Lair:2   | Reached skill level 9 in Dodging
  7930 | Lair:2   | HP: 14/60 [poisoned by a water moccasin]
  7931 | Lair:2   | 7931 ||| READING 2 scrolls of teleportation.
  7933 | Lair:2   | Reached XP level 11. HP: 12/64 MP: 16/16
  7935 | Lair:2   | HP: 9/64 [poisoned by a water moccasin]
  8223 | Lair:2   | 8223 ||| RETREEEEATING.
  8359 | Lair:2   | 8359 ||| RETREEEEATING.
  8364 | Lair:2   | 8364 ||| RETREEEEATING.
  8365 | Lair:2   | 8365 ||| RETREEEEATING.
  8366 | Lair:2   | 8366 ||| RETREEEEATING.
  8370 | Lair:2   | 8370 ||| RETREEEEATING.
  8371 | Lair:2   | 8371 ||| RETREEEEATING.
  8376 | Lair:2   | 8376 ||| RETREEEEATING.
  8377 | Lair:2   | 8377 ||| RETREEEEATING.
  8378 | Lair:2   | 8378 ||| RETREEEEATING.
  8379 | Lair:2   | 8379 ||| RETREEEEATING.
  8380 | Lair:2   | 8380 ||| RETREEEEATING.
  8382 | Lair:2   | 8382 ||| RETREEEEATING.
  8383 | Lair:2   | 8383 ||| RETREEEEATING.
  8384 | Lair:2   | 8384 ||| RETREEEEATING.
  8385 | Lair:2   | Reached ***** piety under Okawaru
  8386 | Lair:2   | 8386 ||| RETREEEEATING.
  8387 | Lair:2   | 8387 ||| RETREEEEATING.
  8388 | Lair:2   | 8388 ||| RETREEEEATING.
  8389 | Lair:2   | 8389 ||| RETREEEEATING.
  8394 | Lair:2   | 8394 ||| RETREEEEATING.
  8604 | Lair:2   | Reached skill level 6 in Invocations
  8895 | Lair:2   | Found a staircase to the Swamp.
  9276 | Lair:2   | 9276 ||| UPGRADING to +1 hat of intelligence.
  9281 | Lair:2   | 9281 ||| READING 2 scrolls of identify.
  9281 | Lair:2   | 9281 ||| IDENTIFYING metallic brown potion
  9282 | Lair:2   | 9282 ||| READING scroll of identify.
  9282 | Lair:2   | 9282 ||| IDENTIFYING scroll labelled ZOQIVA YHUUSM
  9283 | Lair:2   | 9283 ||| READING scroll of enchant weapon.
  9283 | Lair:2   | 9283 ||| ENCHANTING +4 orcbow of freezing.
  9284 | Lair:2   | 9284 ||| DROPPING potion of lignification.
  9409 | Lair:3   | Noticed a death yak
  9409 | Lair:3   | Noticed a death yak
  9409 | Lair:3   | Noticed a death yak
  9410 | Lair:3   | 9410 ||| RETREEEEATING.
  9411 | Lair:3   | 9411 ||| INVOKING Finesse.
  9417 | Lair:3   | Noticed a death yak
  9418 | Lair:3   | 9418 ||| RETREEEEATING.
  9419 | Lair:3   | 9419 ||| RETREEEEATING.
  9425 | Lair:3   | 9425 ||| RETREEEEATING.
  9426 | Lair:3   | 9426 ||| RETREEEEATING.
  9427 | Lair:3   | 9427 ||| RETREEEEATING.
  9428 | Lair:3   | 9428 ||| RETREEEEATING.
  9429 | Lair:3   | 9429 ||| RETREEEEATING.
  9430 | Lair:3   | 9430 ||| RETREEEEATING.
  9431 | Lair:3   | Killed a death yak
  9441 | Lair:3   | Killed a death yak
  9457 | Lair:3   | Killed a death yak
  9466 | Lair:3   | Killed a death yak
  9592 | Lair:3   | 9592 ||| RETREEEEATING.
  9595 | Lair:3   | 9595 ||| RETREEEEATING.
  9596 | Lair:3   | 9596 ||| RETREEEEATING.
  9597 | Lair:3   | 9597 ||| RETREEEEATING.
  9599 | Lair:3   | 9599 ||| RETREEEEATING.
  9601 | Lair:3   | 9601 ||| RETREEEEATING.
  9603 | Lair:3   | 9603 ||| RETREEEEATING.
  9604 | Lair:3   | 9604 ||| RETREEEEATING.
  9605 | Lair:3   | 9605 ||| RETREEEEATING.
  9606 | Lair:3   | 9606 ||| INVOKING Finesse.
  9607 | Lair:3   | 9607 ||| RETREEEEATING.
  9608 | Lair:3   | 9608 ||| RETREEEEATING.
  9609 | Lair:3   | 9609 ||| RETREEEEATING.
  9610 | Lair:3   | 9610 ||| RETREEEEATING.
  9610 | Lair:3   | HP: 17/68 [blink frog (12)]
  9611 | Lair:3   | 9611 ||| READING 2 scrolls of teleportation.
  9614 | Lair:3   | HP: 4/68 [blink frog (14)]
  9619 | Lair:3   | Mangled by an elephant

Levels and vault maps discovered:
D:1:      saegor_arrival_simple_e, layout_rooms
D:2:      layout_basic, ebering_ecumenical_altar_webs, minmay_rat_hole
D:3:      layout_loops_corners, serial_bayou, serial_bayou_pond_b,
          serial_bayou_crossing, serial_bayou_shore_b, serial_bayou_pond_e,
          uniq_grinder, uniq_terence
D:4:      layout_loops_ring, hex_tiny, minivault_23, st_stairs_4
D:5:      layout_rooms, grunt_qazlal_sundering, uniq_eustachio
D:6:      layout_gridville, amcnicky_altar_gilded
D:7:      layout_basic, minmay_temple_entry_slanted, serial_curves,
          eino_curves_01, eino_curves_04, kennysheep_another_room,
          item_on_display_a
D:8:      layout_rooms, lair_entry_dummy, uniq_jeremiah
Temple:   mainiacjoe_temple_bowtie_tessellation
Lair:1:   layout_regular_city, grunt_megastairs_5, uniq_sonja
Lair:2:   layout_hall_layers, swamp_mist, serial_bayou, serial_bayou_pond_c,
          serial_bayou_ford_a, serial_bayou_pond_d, serial_bayou_lake_a,
          serial_bayou_pond_c, evilmike_ambush [evilmike_ambush_outer_pillars,
          evilmike_ambush_inner_basic], uniq_gastronok
Lair:3:   layout_small_grid, alex1729_snake_entry_snake, serial_bayou_pond_b,
          hangedman_tree_tricks

Skill      XL: |  1  2  3  4  5  6  7  8  9 10 11 |
---------------+----------------------------------+-----
Ranged Weapons | 6 9 10 12 14 16 | 16.0
Fighting       | 2 3 4 6 8 |  8.0
Dodging        | 3 5 6 9 10 | 10.3
Armour         | 1 2 3 |  3.5
Invocations    | 3 4 8 |  8.6
Stealth        | |  1.2

Action                     |  1- 3 |  4- 6 |  7- 9 | 10-12 || total
---------------------------+-------+-------+-------+-------++-------
   Fire: Shortbow          |    21 |       |       |       ||    21
         Orcbow            |    50 |    63 |   269 |   289 ||   671
 Invoke: Heroism           |       |       |       |     3 ||     3
         Finesse           |       |       |       |     2 ||     2
  Evoke: Wand              |       |       |     3 |     6 ||     9
    Use: Scroll            |     8 |     3 |    11 |     7 ||    29
         Potion            |       |       |     1 |     1 ||     2
 Armour: Leather armour    |     2 |       |       |       ||     2
         Ring mail         |    22 |    26 |    81 |    73 ||   202
  Dodge: Dodged            |    20 |    19 |    48 |    47 ||   134
  Block: Other             |       |       |       |    15 ||    15

Table legend:
 A = Non-vault XP
 B = Vault XP
 C = Vault XP percentage of total XP
 D = Non-vault monster count
 E = Vault monster count
 F = Vault count percentage of total count
                 A         B        C        D         E       F
            +---------+---------+-------+---------+---------+-------
      Total |   16919 |    3743 |  18.1 |     184 |      29 |  13.6
            +---------+---------+-------+---------+---------+-------
        D:1 |      14 |       0 |   0.0 |       9 |       0 |   0.0
        D:2 |      43 |      20 |  31.7 |      12 |      19 |  61.3
        D:3 |      74 |     317 |  81.1 |      17 |       3 |  15.0
        D:4 |     481 |      74 |  13.3 |      28 |       2 |   6.7
        D:5 |     733 |     188 |  20.4 |      13 |       1 |   7.1
        D:6 |    1137 |       0 |   0.0 |      15 |       0 |   0.0
        D:7 |    1043 |       0 |   0.0 |      16 |       0 |   0.0
        D:8 |     619 |       0 |   0.0 |      21 |       0 |   0.0
     Lair:1 |    3035 |    1621 |  34.8 |      13 |       3 |  18.8
     Lair:2 |    4957 |    1523 |  23.5 |      30 |       1 |   3.2
     Lair:3 |    4783 |       0 |   0.0 |      10 |       0 |   0.0
            +---------+---------+-------+---------+---------+-------
